 Dungeon Crawl Stone Soup version 0.20-a0-1086-g4bd2f5b (webtiles) character file.

4039 Monsterracer the Arsonist (level 10, -6/79 HPs)
             Began as a Deep Elf Fire Elementalist on May 1, 2017.
             Was a Priest of Vehumet.
             Mangled by a two-headed ogre
             ... wielding a +0 giant spiked club
              (22 damage)
             ... on level 8 of the Dungeon.
             The game lasted 00:40:17 (10047 turns).

Monsterracer the Arsonist (DEFE)                   Turns: 10047, Time: 00:40:18

Health: -6/79      AC:  2    Str: 10    XL:     10   Next: 4%
Magic:  24/24      EV: 14    Int: 24    God:    Vehumet [***...]
Gold:   557        SH:  4    Dex: 15    Spells: 4/25 levels left

rFire    + + .     SeeInvis .   k - +0 quarterstaff
rCold    . . .     Gourm    .   (shield currently unavailable)
rNeg     . . .     Faith    .   a - +0 robe
rPois    .         Spirit   .   (no helmet)
rElec    .         Reflect  +   A - scarf {repulsion}
rCorr    .         Harm     .   (no gloves)
MR       +....                  (no boots)
Stlth    ..........             p - +4 amulet of reflection
Regen    0.3/turn               m - ring of protection from fire
MPRegen  0.2/turn               y - ring of protection from fire

@: berserking, lethally poisoned (-6 -> -11), repel missiles, very quick
A: no striking features
a: Renounce Religion


You were on level 8 of the Dungeon.
You worshipped Vehumet.
Vehumet was most pleased with you.
You were very hungry.

You visited 2 branches of the dungeon, and saw 9 of its levels.

You collected 557 gold pieces.

Inventory:

Hand Weapons
 k - a +0 quarterstaff (weapon)
Armour
 a - a +0 robe (worn)
 h - a +0 buckler
 r - a +0 leather armour of cold resistance
 A - a scarf of repulsion (worn)
Jewellery
 j - a +2 ring of protection
 m - a ring of protection from fire (left hand)
 p - a +4 amulet of reflection (around neck)
 w - an uncursed ring of magical power
 x - an uncursed amulet of the gourmand
 y - a ring of protection from fire (right hand)
Wands
 b - a wand of polymorph (15/24)
 s - a wand of disintegration (17/24)
Scrolls
 n - a scroll of remove curse
 o - a scroll of amnesia
 q - 2 scrolls of identify
 v - 3 scrolls of recharging
Potions
 d - 3 potions of curing
 f - a potion of invisibility
 l - a potion of berserk rage
 z - a potion of agility
Comestibles
 c - 6 bread rations
 g - 6 meat rations
 i - a royal jelly
 u - 3 fruits


   Skills:
 + Level 2.1 Fighting
 * Level 5.2 Staves
 + Level 4.0 Dodging
 - Level 2.4 Stealth
 + Level 8.2 Spellcasting
 - Level 8.0 Conjurations
 - Level 4.0 Hexes
 - Level 9.0 Fire Magic
 - Level 3.0 Earth Magic


You had 4 spell levels left.
You knew the following spells:

 Your Spells              Type           Power        Failure   Level  Hunger
a - Flame Tongue          Conj/Fire      #####        1%          1    None
b - Conjure Flame         Conj/Fire      ######..     1%          3    None
c - Sticky Flame          Conj/Fire      ######..     1%          4    ##.....
d - Fireball              Conj/Fire      ######....   1%          5    #####..
e - Shock                 Conj/Air       ####         1%          1    None
f - Confuse               Hex            ####....     3%          3    None
g - Petrify               Tmut/Erth      ###.....     32%         4    ##.....


Dungeon Overview and Level Annotations

Branches:
Dungeon (8/15)             Temple (1/1) D:4
   Lair: D:8-11

Altars:
Ashenzari
Cheibriados
Dithmenos
Fedhas
Gozag
Hepliaklqana
Kikubaaqudgha
Makhleb
Nemelex Xobeh
Okawaru
Qazlal
Ru
Sif Muna
Trog
Uskayaw
Vehumet
Wu Jian
Xom
Yredelemnul
The Shining One

Annotations:
D:8 Prince Ribbit


Message History

The killer bee stings you.
You are poisoned.
The killer bee poisons you! The killer bee misses you.
The killer bee closely misses you. The killer bee stings you.
* * * LOW HITPOINT WARNING * * *
The hungry ghost hits you.
* * * LOW HITPOINT WARNING * * *
You are feeling very hungry.
A red film seems to cover your vision as you go berserk!
You feel yourself moving faster!
You feel mighty!
You feel sick. The killer bee closely misses you. The killer bee misses you.
The killer bee stings you.
* * * LOW HITPOINT WARNING * * *
You are more poisoned.
The killer bee poisons you! The killer bee completely misses you.
The hungry ghost hits you.
* * * LOW HITPOINT WARNING * * *
You feel quite a bit more hungry.
The two-headed ogre hits you with a giant spiked club!!
You die...

#.# #.#.. # #.#.#
#.#.#/##########
......h........#
....Zy........######
###WZy..F..........
#.@yWyr............
#O#yyy.............
#y###########...÷..
#y #...†.. #y
#####Z# #. #.y ..
### .. # #


You could see a two-headed ogre, Prince Ribbit, 2 hungry ghosts, a hound, 10
killer bees, a quokka, an adder skeleton (inner flame) and a bullfrog skeleton.

Vanquished Creatures
  Pikel (D:4)
  Sigmund (D:4)
  Menkaure (D:4)
  3 orc warriors
  3 slaves (D:4)
  A black bear (D:7)
  2 ice beasts
  3 centaurs
  5 ogres
  A big kobold (D:7)
  3 bullfrogs
  3 scorpions
  10 wights
  A killer bee (D:8)
  2 howler monkeys
  4 crimson imps
  A bullfrog zombie (D:3)
  2 hounds
  A centaur skeleton (D:8)
  2 orc priests (D:5)
  8 orc wizards
  Ijyb (D:4)
  Terence (D:2)
  2 iguanas
  Natasha (D:2)
  4 worker ants
  A hound zombie (D:8)
  2 hound skeletons
  3 gnolls (D:5)
  13 adders
  2 howler monkey skeletons (D:4)
  3 shadow imps
  2 oozes
  An adder skeleton (D:6)
  3 worms
  4 dart slugs
  8 leopard geckos
  17 orcs
  A ball python (D:1)
  9 giant cockroaches
  20 goblins
  11 hobgoblins
  20 jackals
  5 quokkas
  9 bats
  2 frilled lizards
  A jackal skeleton (D:6)
  11 kobolds
  A quokka skeleton (D:5)
  15 rats
  A butterfly (D:4)
232 creatures vanquished.

Notes
Turn   | Place    | Note
-------+----------+-------------------------------------------
     0 | D:1      | Monsterracer the Deep Elf Fire Elementalist began the quest for the Orb.
     0 | D:1      | Reached XP level 1. HP: 10/10 MP: 6/6
   195 | D:1      | Reached XP level 2. HP: 14/15 MP: 6/8
   724 | D:1      | Reached skill level 4 in Fire Magic
   914 | D:2      | Reached XP level 3. HP: 19/19 MP: 0/9
   925 | D:2      | Learned a level 3 spell: Conjure Flame
  1583 | D:2      | Reached XP level 4. HP: 24/24 MP: 2/11
  1589 | D:2      | Learned a level 4 spell: Sticky Flame
  1767 | D:2      | Noticed Terence
  1792 | D:2      | Killed Terence
  2079 | D:2      | Noticed Natasha
  2081 | D:2      | Killed Natasha
  2081 | D:2      | Reached skill level 5 in Fire Magic
  2081 | D:2      | Reached XP level 5. HP: 28/28 MP: 6/12
  3401 | D:4      | Reached XP level 6. HP: 29/32 MP: 7/14
  3464 | D:4      | Learned a level 5 spell: Fireball
  3492 | D:4      | Noticed Sigmund
  3503 | D:4      | Killed Sigmund
  3503 | D:4      | Reached skill level 6 in Fire Magic
  3715 | D:4      | Found a shattered altar of Ashenzari.
  3719 | D:4      | Reached skill level 5 in Conjurations
  3805 | D:4      | Found a staircase to the Ecumenical Temple.
  3825 | Temple   | Entered the Ecumenical Temple
  3876 | Temple   | Became a worshipper of Vehumet
  3990 | D:4      | Reached XP level 7. HP: 36/36 MP: 10/16
  4007 | D:4      | Reached skill level 5 in Spellcasting
  4103 | D:4      | Noticed Menkaure
  4143 | D:4      | Killed Menkaure
  4568 | D:4      | Reached skill level 7 in Fire Magic
  5206 | D:4      | Noticed Ijyb
  5216 | D:4      | Killed Ijyb
  5420 | D:5      | Entered Level 5 of the Dungeon
  5608 | D:4      | Noticed Pikel
  5666 | D:4      | Killed Pikel
  5666 | D:4      | Reached skill level 8 in Fire Magic
  5666 | D:4      | Reached XP level 8. HP: 38/41 MP: 0/19
  6118 | D:5      | Reached skill level 1 in Staves
  6123 | D:5      | Reached skill level 1 in Fighting
  6125 | D:5      | Reached * piety under Vehumet
  6125 | D:5      | Offered knowledge of Shock by Vehumet.
  6611 | D:4      | Learned a level 1 spell: Shock
  6784 | D:5      | Reached XP level 9. HP: 47/47 MP: 14/21
  6882 | D:5      | Found a deep blue altar of Sif Muna.
  7517 | D:6      | Reached skill level 9 in Fire Magic
  7874 | D:6      | Learned a level 3 spell: Confuse
  7880 | D:6      | Learned a level 4 spell: Petrify
  7903 | D:6      | Noticed a moth of wrath
  7906 | D:6      | Found a bloodstained altar of Trog.
  7911 | D:6      | Offered knowledge of Searing Ray by Vehumet.
  7913 | D:6      | Reached ** piety under Vehumet
  8055 | D:6      | Found a snail-covered altar of Cheibriados.
  8145 | D:6      | Found an opulent altar of Gozag.
  8153 | D:6      | Reached skill level 1 in Hexes
  8304 | D:6      | Found a glowing golden altar of the Shining One.
  8306 | D:6      | Found a sacrificial altar of Ru.
  8307 | D:6      | Found a basalt altar of Yredelemnul.
  8814 | D:7      | Reached skill level 1 in Earth Magic
  8989 | D:7      | Found a shimmering altar of Xom.
  8989 | D:7      | Found a shimmering altar of Xom.
  8990 | D:7      | Found a shimmering altar of Xom.
  8993 | D:7      | Found a shimmering altar of Xom.
  9030 | D:7      | Offered knowledge of Ignite Poison by Vehumet.
  9213 | D:7      | Reached *** piety under Vehumet
  9657 | D:8      | Reached skill level 5 in Staves
  9657 | D:8      | Reached XP level 10. HP: 41/53 MP: 24/24
 10021 | D:8      | Noticed a two-headed ogre
 10029 | D:8      | Noticed Prince Ribbit
 10045 | D:8      | Noticed a two-headed ogre
 10047 | D:8      | Mangled by a two-headed ogre

Vault maps used:
D:1:      saegor_arrival_simple_b
D:2:      uniq_robin, uniq_natasha, uniq_terence
D:3:      gup_sewer_entry_pipe
D:4:      kennysheep_mini_moat, minmay_temple_entry_butterflies,
          wad_floor_pattern_untrapped, kennysheep_generic_room_16, uniq_ijyb,
          uniq_sigmund, uniq_menkaure, uniq_pikel
D:5:      lemuel_coloured_pillars_altar, first_bread, hangedman_decor_opposing,
          minmay_ogre_servants
D:6:      tgw_trog, grunt_temple_overflow_open, kennysheep_donut
D:7:      xom_redecorated
D:8:      zin_statuary, david_nohive_1, kennysheep_flooded_box,
          minmay_misc_feat_rows, uniq_prince_ribbit1, uniq_joseph
Temple:   jpeg_temple_clearing

Skill      XL: |  1  2  3  4  5  6  7  8  9 |
---------------+----------------------------+-----
Fire Magic     | 4 5 6 8 9 |  9.0
Conjurations   | 2 3 4 5 7 8 |  8.0
Spellcasting   | 4 6 7 8 |  8.2
Staves         | 1 5 |  5.2
Dodging        | 3 4 |  4.0
Fighting       | 1 2 |  2.1
Hexes          | 4 |  4.0
Earth Magic    | 3 |  3.0
Stealth        | |  2.4

Action                   |  1- 3 |  4- 6 |  7- 9 | 10-12 || total
-------------------------+-------+-------+-------+-------++-------
Melee: Dagger            |    22 |     2 |   134 |       ||   158
       Quarterstaff      |       |       |     1 |       ||     1
 Cast: Flame Tongue      |    77 |    88 |   272 |    24 ||   461
       Conjure Flame     |     1 |     3 |    24 |       ||    28
       Sticky Flame      |       |     7 |    14 |       ||    21
       Shock             |       |       |    15 |       ||    15
       Fireball          |       |       |    10 |       ||    10
       Confuse           |       |       |     2 |       ||     2
Evoke: Wand              |       |       |     3 |       ||     3
  Use: Potion            |     3 |     2 |     4 |     1 ||    10
       Scroll            |     4 |     4 |     6 |     2 ||    16
 Stab: Sleeping          |     1 |       |       |       ||     1
  Eat: Chunk             |     2 |     8 |    21 |     2 ||    33
       Royal jelly       |       |       |       |     1 ||     1
Armor: Robe              |    10 |     8 |    24 |     3 ||    45
Dodge: Dodged            |    37 |    18 |    81 |    38 ||   174
Block: Other             |       |       |    10 |     7 ||    17
